 Dungeon Crawl Stone Soup version 0.27.0-1-g7a089689b8 (webtiles) character file.

Game seed: 4297304173901747091

529 mg7810 the Caller (level 7, -4/38 HPs)
             Began as a Deep Elf Summoner on Aug 12, 2021.
             Succumbed to a kobold brigand's curare-tipped dart
             ... in a sewer.
             The game lasted 00:25:41 (4385 turns).

mg7810 the Caller (Deep Elf Summoner)               Turns: 4385, Time: 00:25:41

Health: -4/38      AC:  4    Str:  6    XL:     7   Next: 3%
Magic:  16/19      EV: 13    Int: 21    God:
Gold:   107        SH:  0    Dex: 15    Spells: 6/19 levels left

rFire    . . .     SeeInvis +     - Unarmed
rCold    . . .     Faith    +   (no shield)
rNeg     + . .     Spirit   .   c - +0 robe
rPois    .         Reflect  .   n - +1 helmet {SInv}
rElec    .         Harm     .   (no cloak)
rCorr    .         Rampage  .   (no gloves)
Will     .....                  (no boots)
Stlth    +++.......             d - amulet of faith
HPRegen  0.12/turn              l - ring of positive energy
MPRegen  0.16/turn              (no ring)

@: lethally poisoned (-4 -> -28), slowed, very slow
A: no striking features
a: no special abilities


You were in a sewer.
You visited 1 branch of the dungeon, and saw 4 of its levels.
You also visited: Sewer.

You collected 107 gold pieces.

Inventory:

Missiles
 g - 11 poisoned darts (quivered)
Armour
 c - a +0 robe (worn)
 n - a +1 helmet of see invisible (worn)
 o - a scarf of harm
Jewellery
 d - an amulet of faith (around neck)
 l - a ring of positive energy (left hand)
Scrolls
 a - a scroll of blinking {unknown}
 e - a scroll of fear {unknown}
 i - a scroll of enchant armour
 k - a scroll of fog
 m - a scroll of magic mapping {unknown}
Potions
 f - a potion of might {unknown}
 h - a potion of cancellation
 j - a potion of flight


   Skills:
 + Level 1.1 Fighting
 + Level 2.9(3.1) Short Blades
 + Level 1.2(2.1) Long Blades
 + Level 1.1(1.5) Axes
 + Level 1.0(1.4) Maces & Flails
 + Level 1.0(1.4) Polearms
 + Level 1.3(2.0) Staves
 + Level 1.1(2.0) Slings
 + Level 1.9 Bows
 + Level 1.2 Crossbows
 * Level 3.1(3.3) Throwing
 + Level 1.1 Armour
 + Level 3.5 Dodging
 + Level 5.6 Stealth
 + Level 1.1 Shields
 + Level 1.1 Unarmed Combat
 + Level 6.7 Spellcasting
 + Level 1.5 Conjurations
 + Level 2.6 Hexes
 + Level 6.9 Summonings
 + Level 1.7 Necromancy
 + Level 1.5 Translocations
 + Level 1.5 Transmutations
 + Level 2.5 Fire Magic
 + Level 1.5 Ice Magic
 * Level 3.2 Air Magic
 + Level 3.5 Earth Magic
 + Level 1.5 Poison Magic
 + Level 1.5 Invocations
 + Level 3.2 Evocations


You had 6 spell levels left.
You knew the following spells:

 Your Spells              Type           Power      Damage    Failure   Level
a - Summon Small Mammal   Summ           100%       N/A       1%          1
b - Call Imp              Summ           36%        N/A       1%          2
c - Call Canine Familiar  Summ           36%        N/A       1%          3
d - Summon Guardian Gole  Hex/Summ       27%        N/A       3%          3
e - Summon Lightning Spi  Summ/Air       28%        N/A       11%         4

Your spell library contained the following spells:

 Spells                   Type           Power      Damage    Failure   Level
 Animate Skeleton         Necr           28%        N/A       4%          1
 Pain                     Necr           56%        1d6       4%          1
 Conjure Flame            Conj/Fire      15%        6-21      12%         3
 Ignite Poison            Fire/Tmut/Pois 14%        N/A       13%         3
 Vampiric Draining        Necr           7%         2d7       14%         3
 Sticky Flame             Conj/Fire      15%        2d4       36%         4


Dungeon Overview and Level Annotations

Branches:
Dungeon (4/15)              Sewer (1/1)
 Temple: D:4-7

Altars:
Sif Muna
Yredelemnul
Zin


Message History

The kobold brigand throws a curare-tipped dart.
The curare-tipped dart misses your hound.
The curare-tipped dart hits you.
You are lethally poisoned!
You have difficulty breathing.
* * * LOW HITPOINT WARNING * * *
You feel as though you will be slow longer.
It was a potion of experience.
You feel more experienced!
Your Fighting skill increases to level 1!
Your base Short Blades skill gained 2 levels and is now at level 2!
Your base Long Blades skill increases to level 1!
Your Axes skill increases to level 1!
Your Maces & Flails skill increases to level 1!
Your Polearms skill increases to level 1!
Your base Staves skill increases to level 1!
Your base Slings skill increases to level 1!
Your Bows skill increases to level 1!
Your Crossbows skill increases to level 1!
Your Throwing skill gained 2 levels and is now at level 3!
Your Armour skill increases to level 1!
Your Dodging skill increases to level 3!
Your Stealth skill gained 3 levels and is now at level 5!
Your Shields skill increases to level 1!
Your Unarmed Combat skill increases to level 1!
Your Spellcasting skill increases to level 6!
Your Conjurations skill increases to level 1!
Your Hexes skill increases to level 2!
Your Necromancy skill increases to level 1!
Your Translocations skill increases to level 1!
Your Transmutations skill increases to level 1!
Your Fire Magic skill gained 2 levels and is now at level 2!
Your Ice Magic skill increases to level 1!
Your Air Magic skill gained 3 levels and is now at level 3!
Your Earth Magic skill gained 3 levels and is now at level 3!
Your Poison Magic skill increases to level 1!
Your Invocations skill increases to level 1!
Your Evocations skill gained 3 levels and is now at level 3!
You have reached level 7!
You die...

##...## ##...## ##.≈.##
##≈## ##≈## ##### #≈#
#≈# #≈# #≈# ##≈## ##≈##
##.≈.## ##≈.≈##
#.≈≈..#####...≈.#####≈!
#.≈...≈≈≈)≈......hKK.!.
#...≈≈#####≈≈..@#####.K
##≈..## ##≈≈.## #####
#####


You could see a kobold brigand (ally target), a kobold and a friendly hound
(summoned, very poisoned, slow).

Vanquished Creatures (collateral kills)
  Sigmund (D:4)
  A kobold brigand (Sewer)
  An iguana (D:2)
  2 orc wizards (D:4)
  2 hound skeletons
  7 adders
  3 river rats (Sewer)
  A worm (D:3)
  3 dart slugs
  3 orcs (D:4)
  14 ball pythons
  3 bats
  5 endoplasms
  3 giant cockroaches
  8 hobgoblins
  7 jackals
  4 quokkas
  4 frilled lizards
  6 goblins
  13 kobolds
  5 rats
96 creatures vanquished.

Notes
Turn   | Place    | Note
-------+----------+-------------------------------------------
     0 | D:1      | mg7810 the Deep Elf Summoner began the quest for the Orb.
     0 | D:1      | Reached XP level 1. HP: 10/10 MP: 6/6
   336 | D:1      | Reached XP level 2. HP: 15/15 MP: 5/8
   339 | D:1      | Learned a level 2 spell: Call Imp
  1033 | D:2      | Reached skill level 5 in Summonings
  1135 | D:2      | Reached XP level 3. HP: 19/19 MP: 7/10
  1139 | D:2      | Learned a level 3 spell: Call Canine Familiar
  1143 | D:2      | Learned a level 3 spell: Summon Guardian Golem
  1283 | D:2      | Found a faded altar of an unknown god.
  2328 | D:3      | Found a large runed translucent door.
  2329 | D:3      | Found a large runed translucent door.
  2998 | D:3      | Found a basalt altar of Yredelemnul.
  3001 | D:3      | Found a glowing silver altar of Zin.
  3104 | D:4      | Reached XP level 4. HP: 12/24 MP: 4/12
  3144 | D:4      | Noticed a phantom
  3160 | D:4      | Noticed Sigmund
  3231 | D:4      | Killed Sigmund
  3232 | D:4      | Reached skill level 1 in Throwing
  3232 | D:4      | Reached skill level 1 in Hexes
  3232 | D:4      | Reached XP level 5. HP: 7/28 MP: 8/14
  3237 | D:4      | Learned a level 4 spell: Summon Lightning Spire
  3577 | D:4      | Reached skill level 5 in Spellcasting
  3595 | D:4      | Found a shimmering blue altar of Sif Muna.
  3689 | D:4      | Found a glowing drain.
  3700 | Sewer    | Entered a sewer
  4142 | Sewer    | Reached XP level 6. HP: 32/32 MP: 12/15
  4385 | Sewer    | Reached skill level 1 in Fighting
  4385 | Sewer    | Reached skill level 1 in Long Blades
  4385 | Sewer    | Reached skill level 1 in Axes
  4385 | Sewer    | Reached skill level 1 in Maces & Flails
  4385 | Sewer    | Reached skill level 1 in Polearms
  4385 | Sewer    | Reached skill level 1 in Staves
  4385 | Sewer    | Reached skill level 1 in Slings
  4385 | Sewer    | Reached skill level 1 in Bows
  4385 | Sewer    | Reached skill level 1 in Crossbows
  4385 | Sewer    | Reached skill level 1 in Armour
  4385 | Sewer    | Reached skill level 5 in Stealth
  4385 | Sewer    | Reached skill level 1 in Shields
  4385 | Sewer    | Reached skill level 1 in Unarmed Combat
  4385 | Sewer    | Reached skill level 1 in Conjurations
  4385 | Sewer    | Reached skill level 1 in Necromancy
  4385 | Sewer    | Reached skill level 1 in Translocations
  4385 | Sewer    | Reached skill level 1 in Transmutations
  4385 | Sewer    | Reached skill level 1 in Ice Magic
  4385 | Sewer    | Reached skill level 1 in Poison Magic
  4385 | Sewer    | Reached skill level 1 in Invocations
  4385 | Sewer    | Reached XP level 7. HP: 4/38 MP: 16/19
  4385 | Sewer    | Succumbed to a kobold brigand's curare-tipped dart

Illustrated notes

Levels and vault maps discovered:
D:1:      zelgadis_glass_arrival_small, layout_loops_cross, serial_rivers,
          chequers_serial_rivers_micro_c, chequers_serial_rivers_small_b,
          chequers_serial_rivers_micro_c, chequers_serial_rivers_micro_a,
          chequers_serial_rivers_small_a, minmay_domino_2
D:2:      layout_rooms, hellmonk_ecumenical_altar_pennies_from_heaven
D:3:      minmay_skewed_foursquare, layout_basic, jmf_multi_god_temple2
D:4:      layout_cave_pools, lemuel_round_altar, cheibrodos_sewer_entry_bend,
          uniq_sigmund
Sewer:    sewer_co_15_rooms

Skill      XL: |  1  2  3  4  5  6 |
---------------+-------------------+-----
Summonings     | 5 6 |  6.9
Spellcasting   | 4 5 6 |  6.7
Throwing       | 1 3 |  3.1
Hexes          | 1 2 |  2.6
Fighting       | 1 |  1.1
Short Blades   | 2 |  2.9
Long Blades    | 1 |  1.2
Axes           | 1 |  1.1
Maces & Flails | 1 |  1.0
Polearms       | 1 |  1.0
Staves         | 1 |  1.3
Slings         | 1 |  1.1
Bows           | 1 |  1.9
Crossbows      | 1 |  1.2
Armour         | 1 |  1.1
Dodging        | 3 |  3.5
Stealth        | 5 |  5.6
Shields        | 1 |  1.1
Unarmed Combat | 1 |  1.1
Conjurations   | 1 |  1.5
Necromancy     | 1 |  1.7
Translocations | 1 |  1.5
Transmutations | 1 |  1.5
Fire Magic     | 2 |  2.5
Ice Magic      | 1 |  1.5
Air Magic      | 3 |  3.2
Earth Magic    | 3 |  3.5
Poison Magic   | 1 |  1.5
Invocations    | 1 |  1.5
Evocations     | 3 |  3.2

Action                   |  1- 3 |  4- 6 |  7- 9 || total
-------------------------+-------+-------+-------++-------
Melee: Unarmed           |     1 |     2 |       ||     3
 Cast: Summon Small Mamm |    17 |       |       ||    17
       Call Imp          |    24 |    12 |       ||    36
       Call Canine Famil |    13 |    12 |       ||    25
       Summon Guardian G |       |     5 |       ||     5
       Summon Lightning  |       |     2 |       ||     2
  Use: Scroll            |     2 |     4 |       ||     6
       Potion            |       |     6 |       ||     6
Armor: Robe              |     9 |    16 |       ||    25
Dodge: Dodged            |     8 |    56 |       ||    64
